 Dungeon Crawl Stone Soup version 0.32-a0-19-g28bc0835a1 (webtiles) character file.

Game seed: 15080849216215594884

350 timpakay the Magician (level 6, -1/46 HPs)
             Began as a Djinni Ice Elementalist on Jan 17, 2024.
             Slain by a gnoll
             ... wielding a +0 flail
              (10 damage)
             ... on level 4 of the Dungeon.
             The game lasted 00:09:05 (2943 turns).

timpakay the Magician (Djinni Ice Elementalist)     Turns: 2943, Time: 00:09:06

Health: -1/46      AC:  9    Str:  7    XL:     6   Next: 92%
Gold:   208        EV: 11    Int: 18    God:
                   SH:  3    Dex: 12

rFire   + + .        p - +3 spear
rCold   . . .        q - -1 buckler of the Unseen Realm {rC+ Will+ Dex-2}
rNeg    . . .        a - +0 robe
rPois   ∞            h - +0 helmet
rElec   .            s - scarf {shadows}
rCorr   .            (no gloves)
SInv    .            (boots unavailable)
Will    +....        i - amulet of the acrobat
Stlth   ++           (no ring)
HPRegen 0.27/turn    (no ring)
MPRegen 0.00/turn

%: acrobat, infuse magic (-2 HP)
@: ice-armoured, freezing walls, flying
A: sickness immunity, fire resistance 2, cold vulnerability 1, float, innate
caster, HP casting, extra vitality 1
a: no special abilities


You were on level 4 of the Dungeon.
You visited 1 branch of the dungeon, and saw 4 of its levels.

You collected 208 gold pieces.

Inventory:

Hand Weapons
 p - a +3 spear (weapon)
Missiles
 r - a throwing net
Armour
 a - a +0 robe (worn)
 h - a +0 helmet (worn)
 q - the -1 buckler of the Unseen Realm (worn) {rC+ Will+ Dex-2}
   (You found it on level 3 of the Dungeon)

   Dex-2:     It affects your dexterity (-2).
   rC+:       It protects you from cold.
   Will+:     It increases your willpower.
 s - a scarf of shadows (worn)
Magical Staves
 d - a staff of alchemy
Jewellery
 i - an amulet of the acrobat (around neck)
Wands
 t - a wand of flame (17)
Scrolls
 b - 3 scrolls of amnesia {unknown}
 c - a scroll of teleportation {unknown}
 e - a scroll of identify {unknown}
 f - a scroll of enchant armour {unknown}
 g - a scroll of summoning {unknown}
 l - 2 scrolls of enchant weapon {unknown}
 m - 2 scrolls of immolation {unknown}
Potions
 j - a potion of cancellation {unknown}
 k - a potion of heal wounds {unknown}
 n - a potion of attraction {unknown}
 o - a potion of might {unknown}


   Skills:
 * Level 3.6 Fighting
 * Level 1.8 Polearms
 - Level 2.1 Dodging
 - Level 2.0 Stealth
 * Level 1.7 Shields
 + Level 4.5 Spellcasting
 + Level 4.5 Conjurations
 + Level 4.5 Hexes
   Level 0.0 Charms
 + Level 4.5 Summonings
 + Level 4.5 Necromancy
 + Level 4.5 Translocations
   Level 0.0 Transmutations
 + Level 4.5 Fire Magic
 + Level 4.5 Ice Magic
 + Level 4.5 Air Magic
 + Level 4.5 Earth Magic
 + Level 4.5 Alchemy


You knew the following spells:

 Your Spells              Type           Power      Damage    Failure   Level
a - Freeze                Ice            80%        1d9       3%          1
b - Frozen Ramparts       Ice            40%        1d7       11%         3
c - Ozocubu's Armour      Ice            20%        N/A       11%         3
d - Summon Ice Beast      Ice/Summ       20%        N/A       11%         3
e - Kiss of Death         Conj/Necr      80%        2d11      3%          1
f - Momentum Strike       Conj/Tloc      40%        3d9       5%          2
Your spell library was empty.

Dungeon Overview and Level Annotations

Branches:
Dungeon (4/15)
 Temple: D:4-7

Altars:

Shops:
D:3 *


Innate Abilities, Weirdness & Mutations

You are immune to sickness and miasma.
You are immune to poison.
Your flesh is very heat resistant. (rF++)
You are vulnerable to cold. (rC-)
You float through the air rather than walking.
You learn spells naturally, not from books.
Your magical power is your life essence.
You have superior vitality. (+4 MHP)


Message History

The wall freezes the gnoll but does no damage.
A gnoll comes into view. It is wielding a +0 halberd.
Your Shields skill increases to level 1!
You hit the hound.
The hound is heavily wounded.
The wall freezes the hound but does no damage.
The hound misses you.
The wall freezes the gnoll.
The wall freezes the hound.
The hound completely misses you.
You hit the hound.
The hound is severely wounded.
The wall freezes the hound.
The hound barely misses you.
The wall freezes the gnoll but does no damage.
The wall freezes the hound.
The hound bites you.
* * * LOW HITPOINT WARNING * * *
You closely miss the hound.
The hound is almost dead.
The wall freezes the hound.
You kill the hound!
The wall freezes the gnoll.
The gnoll throws a throwing net.
The throwing net hits you.
You become entangled in the net!
Unknown command.
You struggle against the net.
The wall freezes the gnoll.
You struggle against the net.
The wall freezes the gnoll.
You kill the gnoll!
You are too injured to fight recklessly!
You cannot attack while held in a net.
Okay, then.
You struggle against the net.
The frozen ramparts melt away.
You struggle against the net.
The gnoll closely misses you.
Casting: Frozen Ramparts (dangerous; 11% risk of failure)
Confirm with . or Enter, or press ? or * to list all spells.
Casting: Frozen Ramparts (dangerous; 11% risk of failure)
Press: ? - help, Dir - look around, f - activate The walls around you are covered in ice.
* * * LOW HITPOINT WARNING * * *
The wall freezes the gnoll.
The gnoll barely misses you.
Unknown command.
You rip the net and break free!
The wall freezes the gnoll.
The gnoll hits you with a +0 flail!
You die...

#. .. #.#.# #.#
#.#.# #.. #.#.#
##..##.#g#
#.....#g#
#....#@#
#####....'#)#
...#<..:#.#..
#..#....'#+..).
#..#....###
....
#.<#......#
....
#.##......# ...
#.†'......#
####......#


You could see 2 gnolls.

Vanquished Creatures
  An ogre (D:4)
  A hound (D:4)
  2 orc wizards (D:3)
  5 gnolls
  3 adders
  3 ribbon worms
  3 dart slugs
  12 orcs (D:3)
  6 ball pythons
  6 bats
  4 endoplasms
  4 giant cockroaches
  6 goblins
  5 hobgoblins
  3 jackals (D:1)
  7 kobolds
  4 quokkas
  10 frilled lizards
  4 rats
89 creatures vanquished.

Notes
Turn   | Place    | Note
-------+----------+-------------------------------------------
     0 | D:1      | timpakay the Djinni Ice Elementalist began the quest for
                  | the Orb.
     0 | D:1      | timpakay set off with the following spells memorised:
                  | Freeze, Frozen Ramparts, Ozocubu's Armour, Summon Ice
                  | Beast.
     0 | D:1      | Reached XP level 1. HP: 15/15 MP: 0/0
   203 | D:1      | Reached XP level 2. HP: 22/22 MP: 0/0
   428 | D:1      | Reached skill level 1 in Fighting
   571 | D:1      | Reached XP level 3. HP: 24/27 MP: 0/0
   571 | D:1      | Learned a level 1 spell: Kiss of Death
  1497 | D:2      | Reached XP level 4. HP: 16/33 MP: 0/0
  2122 | D:2      | Reached XP level 5. HP: 39/39 MP: 0/0
  2122 | D:2      | Learned a level 2 spell: Momentum Strike
  2303 | D:3      | Identified the -1 buckler of the Unseen Realm {rC+ Will+
                  | Dex-2}
  2370 | D:3      | Found Zaanini's Assorted Antiques.
  2470 | D:3      | Reached skill level 1 in Polearms
  2499 | D:3      | Reached XP level 6. HP: 15/46 MP: 0/0
  2925 | D:4      | Noticed an ogre
  2934 | D:4      | Killed an ogre
  2935 | D:4      | Reached skill level 1 in Shields
  2943 | D:4      | Slain by a gnoll

Illustrated notes

Levels and vault maps discovered:
D:1:      lemuel_arrival_lava_pool, layout_basic, minmay_misc_feat_secret_circle
D:2:      layout_rooms, minmay_heptomino_w4
D:3:      layout_rooms, serial_shops, shop, serial_rivers,
          chequers_serial_rivers_small_b, chequers_serial_rivers_micro_d,
          chequers_serial_rivers_micro_e, chequers_serial_rivers_micro_e,
          chequers_serial_rivers_small_b, hex_medium, hangedman_decor_points
D:4:      layout_basic, mainiacjoe_overflow_cross_hatched

Skill      XL: |  1  2  3  4  5  6 |
---------------+-------------------+-----
Fighting       | 1 2 3 |  3.6
Stealth        | 2 |  2.0
Spellcasting   | 4 |  4.5
Conjurations   | 4 |  4.5
Hexes          | 4 |  4.5
Summonings     | 4 |  4.5
Necromancy     | 4 |  4.5
Translocations | 4 |  4.5
Fire Magic     | 4 |  4.5
Ice Magic      | 4 |  4.5
Air Magic      | 4 |  4.5
Earth Magic    | 4 |  4.5
Alchemy        | 4 |  4.5
Polearms       | 1 |  1.8
Shields        | 1 |  1.7
Dodging        | |  2.1

Action                     |  1- 3 |  4- 6 || total
---------------------------+-------+-------++-------
  Melee: Unarmed           |    59 |       ||    59
         Punch             |     1 |       ||     1
         Dagger            |    65 |    63 ||   128
         Spear             |       |    97 ||    97
   Cast: Freeze            |    20 |       ||    20
         Frozen Ramparts   |     2 |    12 ||    14
         Ozocubu's Armour  |       |     1 ||     1
   Stab: Sleeping          |     6 |     5 ||    11
 Armour: Robe              |    61 |    69 ||   130
  Dodge: Dodged            |    94 |    73 ||   167
  Block: Buckler           |       |     5 ||     5

Table legend: (Time is in decaauts)
 A = Elapsed time spent in this place.
 B = Non-inter-level travel time spent in this place.
 C = Inter-level travel time spent in this place.
 D = Time resting spent in this place.
 E = Time spent auto-exploring this place.
 F = Levels seen in this place.
 G = Mean time per level.
                   A        B        C        D        E       F      G
               +--------+--------+--------+--------+--------+-----+--------+
         Total |   2952 |   2807 |    145 |    795 |   1048 |   4 |  738.0 |
       Dungeon |   2952 |   2807 |    145 |    795 |   1048 |   4 |  738.0 |
               +--------+--------+--------+--------+--------+-----+--------+

Top non-repeatable levels by time:
     D:1: 1464 daAuts
     D:2: 741 daAuts
     D:3: 713 daAuts
     D:4: 34 daAuts
